 Dungeon Crawl Stone Soup version 0.25-a0-287-g56a5b49892 (webtiles) character file.

Game seed: 10408420036972511090, levelgen mode: deterministic

4575 inveigle the Thaumaturge (level 10, 0/52 HPs)
             Began as a Deep Elf Conjurer on Dec 12, 2019.
             Was a Follower of Vehumet.
             Slain by a three-headed hydra (14 damage)
             ... on level 8 of the Dungeon.
             The game lasted 00:36:12 (11469 turns).

inveigle the Thaumaturge (Deep Elf Conjurer)       Turns: 11469, Time: 00:36:12

Health: 0/52       AC: 10    Str:  8    XL:     10   Next: 18%
Magic:  23/26      EV: 12    Int: 21    God:    Vehumet [*.....]
Gold:   359        SH:  0    Dex: 15    Spells: 18/29 levels left

rFire    + . .     SeeInvis .   t - +1 falchion (flame)
rCold    . . .     Gourm    .   (no shield)
rNeg     . . .     Faith    .   T - +3 leather armour
rPois    .         Spirit   .   s - +0 helmet
rElec    .         Reflect  .   S - +0 cloak
rCorr    .         Harm     .   i - +0 pair of gloves
MR       +....                  (no boots)
Stlth    ++........             (no amulet)
HPRegen  0.17/turn              C - ring of protection from fire
MPRegen  0.20/turn              (no ring)

@: no status effects
A: no striking features
a: Renounce Religion


You were on level 8 of the Dungeon.
You worshipped Vehumet.
Vehumet was aware of your devotion.
You were hungry.

You visited 2 branches of the dungeon, and saw 9 of its levels.

You collected 450 gold pieces.
You spent 91 gold pieces at shops.

Inventory:

Hand Weapons
 h - a +0 whip
 n - a +2 whip of flaming
 t - a +1 falchion of flaming (weapon)
 u - a +0 broad axe
 J - a +2 hand axe of freezing
 L - a +2 whip of electrocution
Missiles
 q - 10 curare-tipped darts (quivered)
 A - 29 poisoned darts
 M - 2 datura-tipped darts
 O - 2 javelins
Armour
 g - a +0 leather armour
 i - a +0 pair of gloves (worn)
 s - a +0 helmet (worn)
 y - a +0 ring mail
 S - a +0 cloak (worn)
 T - a +3 leather armour (worn)
Jewellery
 C - a ring of protection from fire (left hand)
 K - an uncursed ring of resist corrosion
 Q - a +2 ring of protection {unknown}
Wands
 z - a wand of acid (4)
 H - a wand of flame (18)
 N - a wand of paralysis (9)
 P - a wand of disintegration (15)
 R - a wand of random effects (19)
Scrolls
 a - 4 scrolls of identify {unknown}
 b - 3 scrolls of fog {unknown}
 d - 7 scrolls of remove curse {unknown}
 f - 3 scrolls of blinking {unknown}
 l - 3 scrolls of magic mapping {unknown}
 o - 2 scrolls of amnesia {unknown}
 x - a scroll of immolation {unknown}
 E - 2 scrolls of enchant weapon {unknown}
 F - 2 scrolls of teleportation {unknown}
 I - 2 scrolls of fear {unknown}
Potions
 e - 3 potions of flight {unknown}
 j - a potion of haste {unknown}
 k - 2 potions of cancellation {unknown}
 m - 4 potions of lignification {unknown}
 p - 4 potions of heal wounds {unknown}
 r - a potion of agility {unknown}
 v - 3 potions of curing {unknown}
 w - a potion of degeneration {unknown}
 B - 2 potions of ambrosia {unknown}
 D - 2 potions of mutation {unknown}
 G - 2 potions of might {unknown}
 U - a potion of magic {unknown}
Comestibles
 c - 8 rations


   Skills:
 + Level 1.2 Fighting
 + Level 0.3 Long Blades
 + Level 2.4 Throwing
 * Level 6.0 Armour
 - Level 2.4 Dodging
 - Level 2.4 Stealth
 + Level 10.0 Spellcasting
 + Level 8.7 Conjurations
 * Level 7.4 Hexes
 - Level 5.0 Translocations


You had 18 spell levels left.
You knew the following spells:

 Your Spells              Type           Power        Failure   Level  Hunger
a - Magic Dart            Conj           ####         1%          1    None
b - Searing Ray           Conj           #####.       1%          2    None
c - Fulminant Prism       Conj/Hex       #####.....   3%          4    ##.....
d - Iskenderun's Mystic   Conj/Tloc      #####...     5%          4    ##.....

Your spell library contained the following spells:

 Spells                   Type           Power        Failure   Level  Hunger
 Freeze                   Ice            ##..         9%          1    None
 Dazzling Flash           Conj/Hex       #####.       1%          3    None


Dungeon Overview and Level Annotations

Branches:
Dungeon (8/15)             Temple (1/1) D:7
   Lair: D:8-11

Altars:
Ashenzari
Cheibriados
Dithmenos
Elyvilon
Fedhas
Gozag
Hepliaklqana
Kikubaaqudgha
Makhleb
Nemelex Xobeh
Okawaru
Qazlal
Ru
Sif Muna
Trog
Uskayaw
Vehumet
Wu Jian
Yredelemnul
Zin
The Shining One

Shops:
D:5 *

Annotations:
D:1 1 runed translucent door
D:2 exclusion: downstairs
D:3 exclusions: door and 2 downstairs
D:5 exclusion: 2 downstairs
D:6 exclusion: downstairs


Message History

You hear a splashing noise.
The three-headed hydra bites you! The three-headed hydra bites you.
The three-headed hydra bites you!
* * * LOW HITPOINT WARNING * * *
The dream sheep ruffle their wool and motes of dream dust sparkle, to no effect.
The dream sheep ruffles its wool and motes of dream dust sparkle, to no effect.
Okay, then.
Okay, then.
Okay, then.
Evoke which item? (* to show all) (? for menu, Esc to quit)
Okay, then.
Evoke which item? (* to show all) (? for menu, Esc to quit)
Aiming: Paralyse
Press: ? - help, Shift-Dir - straight line, f - three-headed hydra, p - big kobold
Aim: a three-headed hydra (moderately wounded, chance to defeat MR: 15%)
Okay, then.
The dream sheep ruffle their wool and motes of dream dust sparkle, to no effect.
The three-headed hydra barely misses you.
The three-headed hydra bites you!
You die...

##.#.#...Y.Pā‰ˆ ######.### #
#.#.#..K... ##+#### ##.### #
#..## ā‰ˆ.K. #.....# #..... #
##.#####Y#####.....# #..... #
##.#..##.Y.........######.....
#
#.....###.Y........'....'.....
#.....# #..........######.....
###.#...# #...D......# #.....
##...#.>.# #....@...### #.....
.......#.# ####.....# #.....
._..._.#.# #.....# #.....
.........# #.....# ######
_..āŒ .._..# #.....#
.........# ####### .......###
..._...# .....#.#


You could see a three-headed hydra, a yak, 2 big kobolds and 2 dream sheep.

Vanquished Creatures
  Pikel (D:4)
  Maurice (D:8)
  Sigmund (D:4)
  Eustachio (D:5)
  2 hungry ghosts
  Menkaure (D:4)
  A water moccasin (D:8)
  Duvessa (D:6)
  An orc warrior (D:8)
  2 slaves (D:4)
  6 ogres
  A black bear (D:8)
  7 centaurs
  A big kobold (D:8)
  Blork the orc (D:4)
  2 bullfrogs
  Dowan (D:6)
  A water moccasin skeleton (D:8)
  A scorpion (D:7)
  4 howler monkeys
  2 crimson imps
  A bullfrog zombie (D:7)
  3 centaur zombies
  A quasit (D:8)
  3 orc priests (D:5)
  5 orc wizards
  3 bullfrog skeletons
  A gnoll shaman (D:7)
  6 worker ants
  Ijyb (D:4)
  An iguana (D:6)
  A hound zombie (D:6)
  A hound skeleton (D:7)
  Robin (D:3)
  5 gnolls (D:7)
  10 adders
  2 shadow imps (D:8)
  An ooze (D:5)
  2 adder skeletons (D:5)
  3 worms
  12 dart slugs
  3 leopard geckos
  13 orcs
  2 ball pythons
  5 bats
  9 giant cockroaches
  11 goblins
  12 hobgoblins
  19 kobolds
  3 quokkas
  8 frilled lizards
  A jackal skeleton (D:4)
  9 rats
197 creatures vanquished.

Vanquished Creatures (others)
  14 fulminant prisms
  2 plants (D:8)
  7 toadstools (D:3)
23 creatures vanquished.

Grand Total: 220 creatures vanquished

Notes
Turn   | Place    | Note
-------+----------+-------------------------------------------
     0 | D:1      | inveigle the Deep Elf Conjurer began the quest for the Orb.
     0 | D:1      | Reached XP level 1. HP: 10/10 MP: 6/6
     1 | D:1      | Found a runed translucent door.
   301 | D:1      | Reached XP level 2. HP: 15/15 MP: 6/8
   323 | D:1      | Learned a level 2 spell: Searing Ray
   506 | D:1      | Reached skill level 5 in Conjurations
  1615 | D:2      | Reached XP level 3. HP: 19/19 MP: 6/9
  2337 | D:3      | Reached skill level 1 in Armour
  2430 | D:3      | Reached XP level 4. HP: 23/24 MP: 0/11
  2555 | D:3      | Noticed Robin
  2886 | D:3      | Found a glowing drain.
  3074 | D:3      | Learned a level 4 spell: Fulminant Prism
  3080 | D:3      | Reached skill level 4 in Spellcasting
  4279 | D:3      | Killed Robin
  4351 | D:4      | Noticed an ogre
  4498 | D:4      | Reached XP level 5. HP: 28/28 MP: 4/13
  5202 | D:4      | Noticed Sigmund
  5451 | D:4      | Noticed a slave
  5451 | D:4      | Noticed a slave
  5470 | D:4      | Killed a slave
  5582 | D:4      | Noticed a slave
  5593 | D:4      | Killed a slave
  5651 | D:4      | Noticed Pikel
  5657 | D:4      | Noticed a slave
  5662 | D:4      | Killed Pikel
  5662 | D:4      | Reached skill level 1 in Throwing
  5662 | D:4      | Reached skill level 5 in Spellcasting
  5662 | D:4      | Reached XP level 6. HP: 18/33 MP: 3/16
  5662 | D:4      | Reached XP level 7. HP: 20/37 MP: 3/17
  5950 | D:4      | Reached skill level 6 in Spellcasting
  6071 | D:5      | Entered Level 5 of the Dungeon
  6077 | D:5      | Learned a level 4 spell: Iskenderun's Mystic Blast
  6132 | D:5      | Noticed a hungry ghost
  6329 | D:4      | Killed Sigmund
  6329 | D:4      | Reached skill level 1 in Translocations
  6329 | D:4      | Reached XP level 8. HP: 30/42 MP: 13/19
  6384 | D:4      | Noticed Ijyb
  6397 | D:4      | Killed Ijyb
  6402 | D:4      | Noticed Blork the orc
  6409 | D:4      | Killed Blork the orc
  6410 | D:4      | Noticed Menkaure
  6414 | D:4      | Killed Menkaure
  6414 | D:4      | Reached skill level 1 in Fighting
  6414 | D:4      | Reached skill level 7 in Spellcasting
  6795 | D:5      | Found Finken's Serpentskin Sales.
  6803 | D:5      | Bought 7 curare-tipped darts for 58 gold pieces
  6803 | D:5      | Bought 4 curare-tipped darts for 33 gold pieces
  7215 | D:5      | Reached skill level 5 in Hexes
  7303 | D:5      | Noticed Eustachio
  7310 | D:5      | Killed Eustachio
  7968 | D:5      | Reached XP level 9. HP: 47/47 MP: 14/22
  8240 | D:6      | Noticed Duvessa
  8245 | D:6      | Noticed Dowan
  8248 | D:6      | Killed Duvessa
  8248 | D:6      | Reached skill level 8 in Spellcasting
  8645 | D:6      | Killed Dowan
  8819 | D:6      | Reached skill level 5 in Armour
  9312 | D:7      | Found a staircase to the Ecumenical Temple.
  9702 | Temple   | Entered the Ecumenical Temple
  9839 | Temple   | Became a worshipper of Vehumet
 10192 | D:7      | Reached skill level 9 in Spellcasting
 10476 | D:8      | Reached skill level 5 in Translocations
 10699 | D:8      | Found an opulent altar of Gozag.
 10701 | D:8      | Found an iron altar of Okawaru.
 10701 | D:8      | Found a hide-covered altar of Uskayaw.
 10702 | D:8      | Found a bloodstained altar of Trog.
 10702 | D:8      | Found a glowing golden altar of the Shining One.
 10763 | D:8      | Noticed Maurice
 10774 | D:8      | Killed Maurice
 10774 | D:8      | Reached * piety under Vehumet
 10774 | D:8      | Offered knowledge of Freeze by Vehumet.
 10774 | D:8      | Reached XP level 10. HP: 46/52 MP: 4/25
 11345 | D:8      | Reached skill level 10 in Spellcasting
 11458 | D:8      | Noticed a three-headed hydra
 11469 | D:8      | Slain by a three-headed hydra

Levels and vault maps discovered:
D:1:      dpeg_arrival_caged_fury, layout_basic, chequers_avenue,
          roderic_lattice_a
D:2:      wad_pebble_path, layout_basic
D:3:      cheibrodos_fertilizer, layout_basic, gup_sewer_entry_glass,
          st_stairs_12, uniq_robin
D:4:      kennysheep_slugbush, layout_rooms, grunt_tough_drop, uniq_pikel,
          uniq_sigmund, uniq_blork_the_orc, uniq_ijyb, uniq_menkaure
D:5:      layout_basic, first_ration, guppyfry_shop_venom, uniq_eustachio
D:6:      layout_loops_cross, uniq_duvessa
D:7:      layout_loops_ring, minmay_temple_entry_statues_fountains
D:8:      layout_basic, grunt_temple_overflow_open, hangedman_ranch
          [blue_anna_fruit_fields], nicolae_wwwww, uniq_maurice
Temple:   nicolae_temple_elliptical

Skill      XL: |  1  2  3  4  5  6  7  8  9 10 |
---------------+-------------------------------+-----
Conjurations   | 5 6 7 8 |  8.7
Armour         | 1 3 4 5 6 |  6.0
Spellcasting   | 4 5 6 7 9 10 | 10.0
Throwing       | 1 2 |  2.4
Hexes          | 3 4 5 7 |  7.4
Translocations | 1 3 5 |  5.0
Fighting       | 1 |  1.2
Long Blades    | |  0.3
Dodging        | |  2.4
Stealth        | |  2.4

Action                   |  1- 3 |  4- 6 |  7- 9 | 10-12 || total
-------------------------+-------+-------+-------+-------++-------
Melee: Unarmed           |     1 |       |       |       ||     1
       Whip              |    16 |     9 |       |       ||    25
       Falchion          |       |     1 |     2 |       ||     3
Throw: Dart              |       |     6 |    15 |     8 ||    29
 Cast: Magic Dart        |    85 |    91 |   186 |    34 ||   396
       Searing Ray       |     2 |     9 |    29 |     8 ||    48
       Fulminant Prism   |       |       |    14 |       ||    14
Evoke: Wand              |       |       |     2 |     1 ||     3
  Eat: Chunk             |     4 |     7 |    10 |     1 ||    22
       Ration            |       |     1 |     2 |       ||     3
Armor: Leather armour    |     6 |    10 |       |     2 ||    18
       Ring mail         |       |       |    29 |       ||    29
Dodge: Dodged            |    17 |    18 |    48 |     6 ||    89
       Rpst.: Falchion   |       |     1 |    15 |       ||    16

Table legend:
 A = Non-vault XP
 B = Vault XP
 C = Vault XP percentage of total XP
 D = Non-vault monster count
 E = Vault monster count
 F = Vault count percentage of total count
                 A         B        C        D         E       F
            +---------+---------+-------+---------+---------+-------
      Total |    4303 |    2233 |  34.2 |     149 |      46 |  23.6
            +---------+---------+-------+---------+---------+-------
        D:1 |      27 |       0 |   0.0 |      15 |       0 |   0.0
        D:2 |      36 |       0 |   0.0 |      16 |       0 |   0.0
        D:3 |      51 |      66 |  56.4 |      24 |      23 |  48.9
        D:4 |     183 |    1280 |  87.5 |       9 |      17 |  65.4
        D:5 |    1060 |     211 |  16.6 |      19 |       3 |  13.6
        D:6 |     360 |     214 |  37.3 |       7 |       2 |  22.2
        D:7 |    1278 |       0 |   0.0 |      29 |       0 |   0.0
        D:8 |    1308 |     462 |  26.1 |      30 |       1 |   3.2
            +---------+---------+-------+---------+---------+-------
